 Dungeon Crawl Stone Soup version 0.31.0-9-g3a7656b989 (webtiles) character file.

Game seed: 4646890973986542836

1052 Gottschkopf the Destroyer (level 8, -14/41 HPs)
             Began as a Deep Elf Conjurer on Feb 4, 2024.
             Demolished by Duvessa
             ... wielding a +0 rapier
              (22 damage)
             ... on level 5 of the Dungeon.
             The game lasted 00:10:14 (5958 turns).

Gottschkopf the Destroyer (Deep Elf Conjurer)       Turns: 5958, Time: 00:10:14

Health: -14/41     AC:  4    Str:  4    XL:     8   Next: 5%
Magic:  0/15       EV: 18    Int: 26    God:
Gold:   136        SH:  0    Dex: 19    Spells: 2/13 levels left

rFire   . . .        b - +1 whip (flame)
rCold   . . .        (no shield)
rNeg    . . .        a - +0 robe
rPois   .            m - +0 helmet
rElec   .            (no cloak)
rCorr   .            (no gloves)
SInv    .            s - +0 pair of boots
Will    .....        (no amulet)
Stlth   ++           g - +5 ring of evasion
HPRegen 0.26/turn    r - +6 ring of dexterity
MPRegen 0.14/turn

%: no passive effects
@: no status effects
A: no striking features
a: no special abilities


You were on level 5 of the Dungeon.
You visited 1 branch of the dungeon, and saw 5 of its levels.

You collected 136 gold pieces.

Inventory:

Hand Weapons
 b - a +1 whip of flaming (weapon)
 d - a +0 dagger
Armour
 a - a +0 robe (worn)
 m - a +0 helmet (worn)
 s - a +0 pair of boots (worn)
 u - a +0 buckler
 y - the +3 ring mail of Instinct {rF+ Dex+4}
   (You found it on level 5 of the Dungeon)

   Dex+4:     It affects your dexterity (+4).
   rF+:       It protects you from fire.
Jewellery
 g - a +5 ring of evasion (left hand)
 r - a +6 ring of dexterity (right hand)
Wands
 x - a wand of charming (14)
Scrolls
 c - 2 scrolls of vulnerability {unknown}
 h - 2 scrolls of poison {unknown}
 i - a scroll of amnesia {unknown}
 o - a scroll of immolation {unknown}
 p - 2 scrolls of fear {unknown}
 q - 3 scrolls of identify {unknown}
 v - a scroll of teleportation {unknown}
 w - a scroll of blinking {unknown}
Potions
 e - 3 potions of degeneration {unknown}
 f - a potion of enlightenment {unknown}
 j - a potion of heal wounds {unknown}
 k - 3 potions of brilliance {unknown}
 l - 2 potions of curing {unknown}
 n - a potion of mutation {unknown}
 t - 2 potions of lignification {unknown}


   Skills:
 + Level 3.4 Dodging
 - Level 2.4 Stealth
 + Level 3.3 Spellcasting
 * Level 9.7 Conjurations
 - Level 1.3 Translocations
 - Level 4.3 Alchemy


You had 2 spell levels left.
You knew the following spells:

 Your Spells              Type           Power      Damage    Failure   Level
a - Magic Dart            Conj           100%       1d8       1%          1
b - Searing Ray           Conj           100%       2d8       1%          2
c - Fulminant Prism       Conj/Alch      20%        3d12      4%          4
d - Iskenderun's Mystic   Conj/Tloc      33%        2d8       10%         4

Your spell library contained the following spells:

 Spells                   Type           Power      Damage    Failure   Level
 Call Imp                 Summ           8%         N/A       14%         2
 Sublimation of Blood     Necr           4%         N/A       14%         2
 Volatile Blastmotes      Fire/Tloc      14%        2d11      21%         3
 Alistair's Intoxication  Alch           17%        N/A       41%         5
 Animate Armour           Summ/Erth      8%         N/A       65%         4
 Summon Lightning Spire   Summ/Air       4%         N/A       65%         4
 Borgnjor's Vile Clutch   Necr/Erth      2%         N/A       94%         5
 Lee's Rapid Deconstruct  Erth           2%         3d4*      94%         5
 Eringya's Noxious Bog    Alch           13%        4d6       94%         6
 Summon Hydra             Summ           2%         N/A       100%        7


Dungeon Overview and Level Annotations

Branches:
Dungeon (5/15)
 Temple: D:4-7

Altars:
Gozag
Okawaru
Uskayaw

Shops:
D:2 [

Annotations:
D:5 Duvessa


Message History

Duvessa misses you.
The searing ray misses Duvessa.
You finish channelling your searing ray.
Duvessa hits you with a +0 rapier!
* * * LOW HITPOINT WARNING * * *
You are too injured to fight recklessly!
Casting: Searing Ray (safe; 1% risk of failure)
Confirm with . or Enter, or press ? or * to list all spells.
Aiming: Magic Dart (safe; 1% risk of failure)
Press: ? - help, Shift-Dir - straight line, f/p - Duvessa
Aim: Duvessa, wielding a +0 rapier and wearing a +0 scale mail (almost dead, berserk, 100% to hit)
The magic dart hits Duvessa.
Duvessa is almost dead.
Duvessa barely misses you. x2
Casting: Magic Dart (safe; 1% risk of failure)
Confirm with . or Enter, or press ? or * to list all spells.
Aiming: Magic Dart (safe; 1% risk of failure)
Press: ? - help, Shift-Dir - straight line, f/p - Duvessa
Aim: Duvessa, wielding a +0 rapier and wearing a +0 scale mail (almost dead, berserk, 100% to hit)
The magic dart hits Duvessa but does no damage.
Duvessa is almost dead.
Duvessa misses you. Duvessa attacks as she pursues you!
Duvessa closely misses you. Duvessa closely misses you.
Duvessa rages.
Duvessa misses you. Duvessa attacks as she pursues you!
Duvessa completely misses you. Duvessa attacks as she pursues you!
Duvessa hits you with a +0 rapier.
* * * LOW HITPOINT WARNING * * *
Duvessa completely misses you.
Casting: Magic Dart (safe; 1% risk of failure)
Confirm with . or Enter, or press ? or * to list all spells.
Aiming: Magic Dart (safe; 1% risk of failure)
Press: ? - help, Shift-Dir - straight line, f/p - Duvessa
Aim: Duvessa, wielding a +0 rapier and wearing a +0 scale mail (almost dead, berserk, 100% to hit)
The magic dart hits Duvessa but does no damage.
Duvessa is almost dead.
Duvessa hits you with a +0 rapier!!
Ouch! That really hurt!
You die...

#.# #.# #. ##.#
##+#.# #..#
##..... #.##
##.....## ###.#
#.......## ##.#.#
.........####...e#
.........'......@#
.........####....#
#.......## ##.#.#
##..†..## ###.#
##...## #.# ##'##
#.# ####.# #.#
#....##### #.#
#........#


You could see Duvessa (berserk).

Vanquished Creatures
  Pikel (D:4)
  An ogre (D:5)
  4 lemures (D:4)
  Dowan (D:5)
  A howler monkey (D:4)
  2 bombardier beetles
  3 hounds
  Natasha (D:3)
  3 iguanas
  Terence (D:3)
  Robin (D:2)
  6 adders
  2 dart slugs
  12 orcs
  5 endoplasms
  A giant cockroach (D:3)
  11 goblins
  13 hobgoblins
  4 jackals (D:3)
  3 kobolds (D:1)
  3 quokkas
  7 ball pythons
  4 bats (D:1)
  2 frilled lizards
  A rat (D:3)
93 creatures vanquished.

Vanquished Creatures (others)
  A fulminant prism (D:5)
1 creature vanquished.

Grand Total: 94 creatures vanquished

Notes
Turn   | Place    | Note
-------+----------+-------------------------------------------
     0 | D:1      | Gottschkopf the Deep Elf Conjurer began the quest for the
                  | Orb.
     0 | D:1      | Reached XP level 1. HP: 10/10 MP: 6/6
   391 | D:1      | Reached XP level 2. HP: 15/15 MP: 6/8
   413 | D:1      | Reached skill level 5 in Conjurations
   552 | D:1      | Learned a level 2 spell: Searing Ray
  1163 | D:2      | Noticed Robin
  1171 | D:2      | Killed Robin
  1172 | D:2      | Reached XP level 3. HP: 16/19 MP: 0/9
  1447 | D:2      | Found Utepot's Armour Emporium.
  1532 | D:2      | Found a faded altar of an unknown god.
  1594 | D:2      | Reached skill level 6 in Conjurations
  2230 | D:3      | Reached XP level 4. HP: 24/24 MP: 4/10
  2236 | D:3      | Learned a level 4 spell: Fulminant Prism
  2696 | D:3      | Found an iron altar of Okawaru.
  2702 | D:3      | Noticed Natasha
  2707 | D:3      | Killed Natasha
  2708 | D:3      | Reached skill level 1 in Alchemy
  2769 | D:3      | Reached XP level 5. HP: 28/28 MP: 3/11
  3154 | D:3      | Reached skill level 7 in Conjurations
  3339 | D:3      | Noticed Terence
  3350 | D:3      | Killed Terence
  3523 | D:3      | Found a hide-covered altar of Uskayaw.
  4012 | D:4      | Reached XP level 6. HP: 32/32 MP: 1/12
  4232 | D:4      | Noticed Pikel
  4919 | D:4      | Killed Pikel
  4920 | D:4      | Reached skill level 9 in Conjurations
  4920 | D:4      | Reached XP level 7. HP: 4/36 MP: 8/13
  4926 | D:4      | Learned a level 4 spell: Iskenderun's Mystic Blast
  5171 | D:5      | Entered Level 5 of the Dungeon
  5379 | D:5      | Reached skill level 1 in Translocations
  5862 | D:5      | Found an opulent altar of Gozag.
  5865 | D:5      | Identified the +3 ring mail of Instinct {rF+ Dex+4}
  5889 | D:5      | Reached XP level 8. HP: 41/41 MP: 11/14
  5935 | D:5      | Noticed Duvessa
  5935 | D:5      | Noticed Dowan
  5941 | D:5      | Killed Dowan
  5958 | D:5      | Demolished by Duvessa

Illustrated notes

Levels and vault maps discovered:
D:1:      nicolae_arrival_escape_room, layout_basic
D:2:      layout_loops_corners, ebering_ecumenical_altar_abandoned,
          serial_shops, nicolae_shop_tiny_glass, uniq_robin
D:3:      layout_basic, okawaru_ov_weapons_minmay, mainiacjoe_overflow_alcove_2,
          uniq_natasha, uniq_terence
D:4:      layout_layer_cave, uniq_pikel
D:5:      layout_loops_corners, mainiacjoe_overflow_small_starburst,
          uniq_duvessa

Skill      XL: |  1  2  3  4  5  6  7 |
---------------+----------------------+-----
Conjurations   | 5 6 7 9 |  9.7
Alchemy        | 1 2 4 |  4.3
Translocations | 1 |  1.3
Dodging        | 3 |  3.4
Stealth        | |  2.4
Spellcasting   | |  3.3

Action                     |  1- 3 |  4- 6 |  7- 9 || total
---------------------------+-------+-------+-------++-------
  Melee: Dagger            |       |    28 |       ||    28
   Cast: Magic Dart        |    61 |   105 |    33 ||   199
         Searing Ray       |     1 |    12 |     7 ||    20
         Iskenderun's Myst |       |       |     1 ||     1
         Fulminant Prism   |       |       |     1 ||     1
    Use: Potion            |       |     2 |       ||     2
 Armour: Robe              |     2 |    26 |     5 ||    33
  Dodge: Dodged            |     5 |    73 |    12 ||    90
